 Dungeon Crawl Stone Soup version 0.24-a0-250-g6074511 (webtiles) character file.

Game seed: 4420904186409132685

925 Lanoc the Slasher (level 7, -9/59 HPs)
             Began as a White Draconian Skald on Apr 14, 2019.
             Was an Elder of Cheibriados.
             Mangled by an ogre
             ... wielding a +0 giant club
              (11 damage)
             ... on level 6 of the Dungeon.
             The game lasted 00:08:21 (4084 turns).

Lanoc the Slasher (White Draconian Skald)           Turns: 4084, Time: 00:08:21

Health: -9/59      AC: 11    Str: 23    XL:     7   Next: 84%
Magic:  20/20      EV: 14    Int: 22    God:    Cheibriados [****..]
Gold:   195        SH:  4    Dex: 21    Spells: 6/12 levels left

rFire    . . .     SeeInvis .   a - +0 falchion
rCold    + . .     Gourm    .   (no shield)
rNeg     . . .     Faith    .   (armour unavailable)
rPois    .         Spirit   .   (helmet restricted)
rElec    .         Reflect  +   (no cloak)
rCorr    .         Harm     .   (no gloves)
MR       .....                  d - +2 pair of boots
Stlth    ++........             m - +4 amulet of reflection
HPRegen  0.19/turn              e - ring of magical power
MPRegen  0.17/turn              f - +2 ring of protection

@: short of breath, very slow
A: breathe frost, unfitting armour, cold resistance 1, cold-blooded, AC +6
a: Breathe Frost, Bend Time, Temporal Distortion, Slouch, Renounce Religion


You were on level 6 of the Dungeon.
You worshipped Cheibriados.
Cheibriados was greatly pleased with you.
You were hungry.

You visited 1 branch of the dungeon, and saw 6 of its levels.

You collected 195 gold pieces.

Inventory:

Hand Weapons
 a - a +0 falchion (weapon)
Missiles
 p - a throwing net (quivered)
Armour
 d - a +2 pair of boots (worn)
Jewellery
 e - a ring of magical power (left hand)
 f - a +2 ring of protection (right hand)
 m - a +4 amulet of reflection (around neck)
Scrolls
 b - a scroll of fear {unknown}
 g - 2 scrolls of enchant weapon {unknown}
 h - a scroll of magic mapping
 i - 4 scrolls of fog
 j - 4 scrolls of remove curse
 k - 2 scrolls of teleportation
Potions
 l - a potion of mutation
 o - a potion of ambrosia
Comestibles
 c - 8 rations


   Skills:
 + Level 4.1 Fighting
 * Level 5.1 Long Blades
 + Level 3.5 Dodging
 - Level 3.0 Spellcasting
 - Level 5.0 Charms
 + Level 3.0 Invocations


You had 6 spell levels left.
You knew the following spells:

 Your Spells              Type           Power        Failure   Level  Hunger
a - Infusion              Chrm           ####         1%          1    None
b - Regeneration          Chrm/Necr      ##........   13%         3    ###....
c - Song of Slaying       Chrm           ####....     2%          2    ##.....

Your spell library contained the following spells:

 Spells                   Type           Power        Failure   Level  Hunger
 Shroud of Golubria       Chrm/Tloc      ##........   7%          2    ##.....
 Spectral Weapon          Hex/Chrm       ##......     13%         3    ###....


Dungeon Overview and Level Annotations

Branches:
Dungeon (6/15)
 Temple: D:4-7

Altars:
Cheibriados
Kikubaaqudgha
Sif Muna
Trog
Vehumet

Annotations:
D:6 Sigmund


Innate Abilities, Weirdness & Mutations

You can breathe waves of freezing cold.
You can buffet flying creatures when you breathe cold.
Your icy white scales are hard. (AC +6)
You cannot fit into any form of body armour.
Your flesh is cold resistant. (rC+)
You are cold-blooded and may be slowed by cold attacks.


Message History

Press: ? - help, Shift-Dir - straight line, f - ogre
Aim: an ogre, wielding a +0 giant club You exhale a wave of freezing cold.
The freezing breath hits the ogre!
The ogre is heavily wounded.
You are feeling hungry.
You hit the ogre but do no damage.
You tail-slap the ogre, but do no damage.
The ogre is heavily wounded.
The ogre hits you with a +0 giant club!!
* * * LOW HITPOINT WARNING * * *
Okay, then.
Unknown command.
You barely miss the ogre.
You tail-slap the ogre, but do no damage.
The ogre is heavily wounded.
The ogre hits you but does no damage.
You hit the ogre but do no damage.
The ogre is heavily wounded.
The ogre hits you with a +0 giant club!
You die...

#######
#.....#
#.....###..#
#..)@O.%...#
###'##.....#
#.# ....#
#)# #..# #.#
># #.# # #.#
#####.#
#.....#


You could see an ogre.

Vanquished Creatures
  Edmund (D:4)
  A phantom (D:6)
  An ogre (D:6)
  A scorpion (D:4)
  A crimson imp (D:5)
  A bullfrog zombie (D:5)
  A quasit (D:5)
  A jelly (D:3)
  An orc priest (D:6)
  Terence (D:3)
  An iguana (D:5)
  4 orc wizards
  A worker ant (D:3)
  8 gnolls
  6 adders
  An adder zombie (D:5)
  A worm (D:5)
  2 dart slugs
  3 leopard geckos
  17 orcs
  A ball python (D:3)
  5 bats
  2 giant cockroaches
  10 goblins
  6 hobgoblins
  2 jackals (D:2)
  9 kobolds
  2 quokkas
  8 frilled lizards
  A jackal skeleton (D:4)
  A leopard gecko skeleton (D:4)
  5 rats
106 creatures vanquished.

Notes
Turn   | Place    | Note
-------+----------+-------------------------------------------
     0 | D:1      | Lanoc the Draconian Skald began the quest for the Orb.
     0 | D:1      | Reached XP level 1. HP: 17/17 MP: 3/3
   316 | D:1      | Reached XP level 2. HP: 24/25 MP: 5/5
   727 | D:2      | Found a faded altar of an unknown god.
   739 | D:2      | Became a worshipper of Cheibriados the Contemplative
   739 | D:2      | Reached * piety under Cheibriados
   775 | D:2      | Reached XP level 3. HP: 18/30 MP: 6/6
  1254 | D:2      | Reached ** piety under Cheibriados
  1254 | D:2      | Reached XP level 4. HP: 37/37 MP: 7/7
  1440 | D:3      | Noticed Terence
  1458 | D:3      | Killed Terence
  1461 | D:3      | Reached XP level 5. HP: 37/44 MP: 8/8
  1595 | D:3      | Found a bloodstained altar of Trog.
  2093 | D:4      | Reached skill level 1 in Invocations
  2098 | D:4      | Noticed Edmund
  2132 | D:4      | Killed Edmund
  2132 | D:4      | Reached *** piety under Cheibriados
  2132 | D:4      | Reached XP level 6. HP: 21/51 MP: 0/10
  2407 | D:4      | Learned a level 3 spell: Regeneration
  2410 | D:4      | Learned a level 2 spell: Song of Slaying
  2736 | D:5      | Entered Level 5 of the Dungeon
  2870 | D:5      | Your scales start taking on an icy white colour.
  2870 | D:5      | Reached XP level 7. HP: 32/57 MP: 11/11
  2870 | D:5      | Gained mutation: Your flesh is cold resistant. (rC+) [White
                  | Draconian growth]
  3565 | D:5      | Found an ancient bone altar of Kikubaaqudgha.
  3599 | D:5      | Found a deep blue altar of Sif Muna.
  3601 | D:5      | Found a radiant altar of Vehumet.
  3605 | D:5      | Identified Sif Muna's Volume of Self-Improvement
  3758 | D:6      | Noticed Sigmund
  3762 | D:6      | Reached **** piety under Cheibriados
  4065 | D:6      | Reached skill level 5 in Long Blades
  4076 | D:6      | Reached skill level 5 in Charms
  4082 | D:6      | HP: 1/59 [ogre/+0 giant club (18)]
  4084 | D:6      | Mangled by an ogre

Levels and vault maps discovered:
D:1:      minmay_arrival_wavy_path, layout_basic, minmay_split_cup_small
D:2:      layout_loops_corners, chequers_ecumenical_altar_twisty,
          amethyst_killhole
D:3:      layout_loops_ring, overflow_temple_1_default, first_ration,
          uniq_terence
D:4:      kennysheep_kobold_camp, layout_basic, serial_shops, shop_fountains,
          uniq_edmund
D:5:      layout_basic, grunt_temple_overflow_magic_moments, st_stairs_9,
          due_unseen_surprise
D:6:      layout_basic, kennysheep_mini, nicolae_overflow_hidden_temple,
          basic_altar, uniq_prince_ribbit1, uniq_sigmund

Skill      XL: |  1  2  3  4  5  6  7 |
---------------+----------------------+-----
Charms         | 3 4 5 |  5.0
Long Blades    | 3 4 5 |  5.1
Fighting       | 3 4 |  4.1
Invocations    | 1 2 3 |  3.0
Dodging        | 3 |  3.5
Spellcasting   | 3 |  3.0

Action                   |  1- 3 |  4- 6 |  7- 9 || total
-------------------------+-------+-------+-------++-------
Melee: Falchion          |   113 |   173 |    87 ||   373
       Tailslap          |     9 |    47 |    19 ||    75
 Cast: Infusion          |     1 |     3 |       ||     4
 Abil: Breathe Frost     |       |       |     2 ||     2
  Use: Potion            |       |     6 |       ||     6
       Scroll            |       |     4 |     2 ||     6
 Stab: Sleeping          |       |     4 |       ||     4
       Invisible         |       |     4 |       ||     4
  Eat: Chunk             |       |     3 |     2 ||     5
Armor: Skin              |    38 |    76 |    28 ||   142
Dodge: Dodged            |    92 |   206 |    69 ||   367
Block: Other             |       |       |    12 ||    12
       Rpst.: Falchion   |    27 |    47 |    23 ||    97

Table legend:
 A = Non-vault XP
 B = Vault XP
 C = Vault XP percentage of total XP
 D = Non-vault monster count
 E = Vault monster count
 F = Vault count percentage of total count
                 A         B        C        D         E       F
            +---------+---------+-------+---------+---------+-------
      Total |    1056 |     266 |  20.1 |     101 |       5 |   4.7
            +---------+---------+-------+---------+---------+-------
        D:1 |      28 |       0 |   0.0 |      17 |       0 |   0.0
        D:2 |      69 |       0 |   0.0 |      20 |       0 |   0.0
        D:3 |     121 |      36 |  22.9 |      24 |       1 |   4.0
        D:4 |     199 |     164 |  45.2 |      16 |       1 |   5.9
        D:5 |     330 |      66 |  16.7 |      17 |       3 |  15.0
        D:6 |     309 |       0 |   0.0 |       7 |       0 |   0.0
            +---------+---------+-------+---------+---------+-------
